 Dungeon Crawl Stone Soup version 0.22-a0-113-gdd6f4a9 (webtiles) character file.

66 KristoblXynda the Chopper (level 4, -11/39 HPs)
             Began as a Naga Gladiator on Jan 28, 2018.
             Killed by nerve-wracking pain
             ... invoked by an orc priest
              (13 damage)
             ... on level 3 of the Dungeon.
             The game lasted 00:03:20 (2120 turns).

KristoblXynda the Chopper (Naga Gladiator)          Turns: 2120, Time: 00:03:22

Health: -11/39     AC:  3    Str: 17    XL:     4   Next: 15%
Magic:  4/4        EV: 10    Int:  9    God:
Gold:   76         SH:  0    Dex: 12    Spells: 3/3 levels left

rFire    . . .     SeeInvis +   a - +1 war axe
rCold    . . .     Gourm    .   (no shield)
rNeg     . . .     Faith    .   b - +0 leather armour
rPois    +         Spirit   .   c - +0 helmet
rElec    .         Reflect  .   (no cloak)
rCorr    .         Harm     .   (no gloves)
MR       .....                  (no barding)
Stlth    ++........             (no amulet)
HPRegen  0.13/turn              (no ring)
MPRegen  0.09/turn              (no ring)

@: very slow
A: large, see invisible, deformed body, poison resistance, slowness 2, slow
metabolism 1, spit poison 1, AC +1
a: Spit Poison


You were on level 3 of the Dungeon.
You were not hungry.

You visited 1 branch of the dungeon, and saw 3 of its levels.

You collected 76 gold pieces.

Inventory:

Hand Weapons
 a - a +1 war axe (weapon)
Missiles
 d - 3 throwing nets (quivered)
Armour
 b - a +0 leather armour (worn)
 c - a +0 helmet (worn)
Scrolls
 e - a scroll of identify
 g - 3 scrolls of teleportation
 h - a scroll of fear {unknown}
 i - 2 scrolls of fog
 k - a scroll of blinking {unknown}
 m - a scroll of amnesia {unknown}
Potions
 j - a potion of curing
Comestibles
 f - 5 rations
 l - 3 chunks of flesh


   Skills:
 - Level 2.0 Fighting
 * Level 3.6 Axes
 - Level 2.0 Throwing
 + Level 0.1 Armour
 + Level 3.0 Dodging
 + Level 2.6 Stealth


You had 3 spell levels left.
You didn't know any spells.

Dungeon Overview and Level Annotations

Branches:
Dungeon (3/15)

Altars:


Innate Abilities, Weirdness & Mutations

You cannot wear boots.
Your serpentine skin is tough. (AC +1)
You have supernaturally acute eyesight. (SInv)
Armour fits poorly on your strangely shaped body.
Your system is resistant to poisons. (rPois)
You cover ground very slowly.
You have a slow metabolism.
You can spit poison.


Message History

The orc priest calls upon Beogh to heal the orc.
The orc's wounds heal themselves!
The orc barely misses you.
You feel better.
You have got your breath back.
The orc hits you with a hand axe.
The orc priest mumbles some strange prayers to Beogh against you.
Beogh smites you! The orc completely misses you.
You slash the orc priest!
The orc priest is almost dead.
You hit the orc. You closely miss the orc priest. You hit the orc.
The orc priest closely misses you.
The orc priest invokes the aid of Beogh against you.
Beogh smites you!
* * * LOW HITPOINT WARNING * * *
The orc hits you with a hand axe.
* * * LOW HITPOINT WARNING * * *
The orc barely misses you.
The orc priest invokes the aid of Beogh against you.
Pain shoots through your body!
You die...

...### #........#
...... #........#+#
......##...........
.......#.รท........
$......#..........
......[........#.
...##.........#
#.......>.# #
#.....@o..#
..#.#####.###ooo.....#
.#..........+.l......#
.......<..###........#
##....##### ##+#.....#
#... ...... #.. ......
## ..##..


You could see 2 orc priests, 2 orcs and a frilled lizard.

Vanquished Creatures
  2 adders (D:2)
  A worm (D:2)
  2 leopard geckos (D:1)
  A ball python (D:2)
  8 bats
  2 giant cockroaches (D:1)
  8 goblins
  A hobgoblin (D:2)
  4 jackals
  5 kobolds
  2 frilled lizards (D:1)
  7 rats
43 creatures vanquished.

Notes
Turn   | Place    | Note
-------+----------+-------------------------------------------
     0 | D:1      | KristoblXynda the Naga Gladiator began the quest for the Orb.
     0 | D:1      | Reached XP level 1. HP: 19/19 MP: 1/1
   422 | D:1      | Reached XP level 2. HP: 24/26 MP: 2/2
   659 | D:1      | Reached skill level 1 in Stealth
   845 | D:1      | Reached XP level 3. HP: 32/32 MP: 3/3
  1677 | D:2      | Reached XP level 4. HP: 15/39 MP: 4/4
  2120 | D:3      | Killed from afar by an orc priest

Vault maps used:
D:1:      kilobyte_arrival_exit_the_forest, hangedman_feature_mirror
D:3:      cheibrodos_pilgrimage, first_ration, bloody_trog

Skill      XL: |  1  2  3 |
---------------+----------+-----
Throwing       | 2 |  2.0
Stealth        | 1 2 |  2.6
Dodging        | 3 |  3.0
Fighting       | |  2.0
Axes           | |  3.6
Armour         | |  0.1

Action                   |  1- 3 |  4- 6 || total
-------------------------+-------+-------++-------
Melee: War axe           |   103 |    12 ||   115
       Whip              |     8 |       ||     8
 Abil: Spit Poison       |     7 |     1 ||     8
  Use: Scroll            |     7 |       ||     7
       Potion            |       |     2 ||     2
 Stab: Sleeping          |     3 |       ||     3
  Eat: Chunk             |     2 |     1 ||     3
Armor: Leather armour    |    44 |    11 ||    55
Dodge: Dodged            |    78 |    13 ||    91

Table legend:
 A = Spawn XP
 B = Non-spawn XP
 C = Spawn XP percentage of total XP
 D = Spawn monster count
 E = Non-spawn monster count
 F = Spawn count percentage of total count
 G = Total turns spent on level
                    A         B        C        D         E        F      G
               +---------+---------+-------+---------+---------+-------+---------
         Total |       0 |      95 |   0.0 |       0 |      43 |   0.0 |  2120
               +---------+---------+-------+---------+---------+-------+---------
           D:1 |       0 |      39 |   0.0 |       0 |      24 |   0.0 |  1124
           D:2 |       0 |      50 |   0.0 |       0 |      16 |   0.0 |   957
           D:3 |       0 |       6 |   0.0 |       0 |       3 |   0.0 |    39
               +---------+---------+-------+---------+---------+-------+---------
